 Dungeon Crawl Stone Soup version 0.23.2-33-g5129a83184 (webtiles) character file.

Game seed: 562874189464720107

339 MalarOregon the Poker (level 6, 0/50 HPs)
             Began as a Merfolk Fighter on Aug 5, 2019.
             Slain by Grinder (6 damage)
             ... on level 5 of the Dungeon.
             The game lasted 00:02:47 (2173 turns).

MalarOregon the Poker (Merfolk Fighter)             Turns: 2173, Time: 00:02:48

Health: 0/50       AC:  4    Str: 21    XL:     6   Next: 55%
Magic:  6/6        EV: 11    Int:  9    God:
Gold:   182        SH:  0    Dex: 14    Spells: 5/5 levels left

rFire    . . .     SeeInvis .   a - +0 trident
rCold    . . .     Gourm    .   c - +0 shield
rNeg     . . .     Faith    .   h - +0 leather armour
rPois    .         Spirit   .   (no helmet)
rElec    .         Reflect  .   (no cloak)
rCorr    .         Harm     .   q - +0 pair of gloves
MR       .....                  (no boots)
Stlth    +.........             (no amulet)
HPRegen  0.16/turn              (no ring)
MPRegen  0.10/turn              (no ring)

@: confused, mighty
A: change form in water, swift swim, stealthy swim
a: no special abilities


You were on level 5 of the Dungeon.
You were not hungry.

You visited 1 branch of the dungeon, and saw 4 of its levels.

You collected 182 gold pieces.

Inventory:

Hand Weapons
 a - a +0 trident (weapon)
 w - a +0 blowgun
   (You took it off a kobold on level 3 of the Dungeon)
Missiles
 u - 5 curare-tipped needles {!f}
Armour
 c - a +0 shield (worn)
 h - a +0 leather armour (worn)
   (You found it on level 1 of the Dungeon)
 q - a +0 pair of gloves (worn)
   (You found it on level 2 of the Dungeon)
Jewellery
 k - a cursed -2 ring of strength {unknown}
   (You found it on level 2 of the Dungeon)
Wands
 v - a wand of digging (6)
   (You found it on level 3 of the Dungeon)
Scrolls
 f - 3 scrolls of teleportation {unknown}
 i - 2 scrolls of remove curse {unknown}
 l - a scroll of enchant armour {unknown}
 m - a scroll of fear {unknown}
 o - a scroll of magic mapping {unknown}
 p - 2 scrolls of enchant weapon {unknown}
 r - a scroll of blinking {unknown}
 s - a scroll of random uselessness {unknown}
 t - 3 scrolls of identify {unknown}
Potions
 j - a potion of haste {unknown}
 n - a potion of curing {unknown}
Comestibles
 e - 4 rations {!d}


   Skills:
 + Level 4.8 Fighting
 + Level 5.5 Polearms
 - Level 2.1 Armour
 + Level 4.0 Dodging
 + Level 4.3 Shields


You had 5 spell levels left.
You didn't know any spells.
Your spell library contained the following spells:

 Spells                   Type           Power        Failure   Level  Hunger
 Animate Skeleton         Necr           N/A          88%         1    ##.....
 Pain                     Necr           #...         88%         1    ##.....
 Regeneration             Chrm/Necr      #.........   99%         3    ####...
 Vampiric Draining        Necr           #.........   99%         3    ####...
 Animate Dead             Necr           N/A          100%        4    #####..


Dungeon Overview and Level Annotations

Branches:
Dungeon (3/15)

Altars:
Fedhas

Annotations:
D:5 Grinder


Message History

You feel clever.
You puncture the hound! You block the hound's attack.
The hound bites you but does no damage.
You puncture the hound!
You kill the hound!
You closely miss the phantom.
The phantom hits you but does no damage.
Grinder blinks!
You puncture the phantom! You block the phantom's attack. The phantom hits you!
The phantom blinks!
Attack whom?
Aim: a phantom (moderately damaged)
You reach to attack!
You closely miss the phantom. You hit the phantom.
Grinder blinks!
The phantom hits you but does no damage.
Things that are here:
a +0 giant club; a worker ant corpse; a hound corpse You impale the phantom!!
The phantom barely misses you.
You barely miss the phantom. The phantom hits you.
* * * LOW HITPOINT WARNING * * *
You hear a distant slurping noise.
You closely miss the phantom. You block the phantom's attack.
You hit the phantom.
You destroy the phantom!
Your Dodging skill increases to level 4!
Unknown command.
You closely miss Grinder. Grinder hits you.
* * * LOW HITPOINT WARNING * * *
You writhe in agony.
* * * LOW HITPOINT WARNING * * *
You hit Grinder. You block Grinder's attack.
You closely miss Grinder. Grinder hits you but does no damage.
You barely miss Grinder. Grinder closely misses you.
You barely miss Grinder. Grinder misses you.
You closely miss Grinder. Grinder gestures at you.
You barely resist. You puncture Grinder! Grinder gestures at you.
You barely resist. Grinder hits you!
* * * LOW HITPOINT WARNING * * *
You writhe in agony.
* * * LOW HITPOINT WARNING * * *
It was a potion of magic.
Magic courses through your body. Grinder gestures at you.
You resist with significant effort.
It was a potion of ambrosia.
You are confused.
You feel invigorated. Grinder hits you.
You die...

................
...............
...a........W###
.......$>.......
................
...[.###..#.....
...h.....##.....
...#.###5....!..
#@##..... #.#
.... #...# #.#
#...### # #..#
.... ###. . ##


You could see Grinder.

Vanquished Creatures
  A phantom (D:5)
  An ogre (D:5)
  2 hounds (D:5)
  A worker ant (D:5)
  4 adders
  2 worms
  2 leopard geckos
  An orc (D:3)
  2 ball pythons
  A giant cockroach (D:2)
  6 goblins
  A hobgoblin (D:2)
  6 jackals
  A quokka (D:2)
  10 bats
  2 frilled lizards
  A kobold (D:3)
  6 rats
50 creatures vanquished.

Notes
Turn   | Place    | Note
-------+----------+-------------------------------------------
     0 | D:1      | MalarOregon the Merfolk Fighter began the quest for the
                  | Orb.
     0 | D:1      | Reached XP level 1. HP: 18/18 MP: 1/1
   429 | D:1      | Reached XP level 2. HP: 22/24 MP: 2/2
   518 | D:1      | Reached skill level 1 in Dodging
  1079 | D:2      | Reached XP level 3. HP: 29/30 MP: 3/3
  1274 | D:2      | Reached skill level 4 in Polearms
  1274 | D:2      | Reached XP level 4. HP: 36/37 MP: 4/4
  1912 | D:3      | Found a blossoming altar of Fedhas.
  2130 | D:3      | You fall through a shaft for 2 floors!
  2130 | D:5      | Entered Level 5 of the Dungeon
  2130 | D:5      | Noticed an ogre
  2131 | D:5      | Noticed a phantom
  2139 | D:5      | Killed an ogre
  2139 | D:5      | Reached XP level 5. HP: 43/43 MP: 5/5
  2144 | D:5      | Noticed Grinder
  2153 | D:5      | Reached skill level 5 in Polearms
  2153 | D:5      | Reached XP level 6. HP: 33/49 MP: 6/6
  2164 | D:5      | Killed a phantom
  2171 | D:5      | HP: 1/50 [Grinder (6)]
  2173 | D:5      | Slain by Grinder

Skill      XL: |  1  2  3  4  5  6 |
---------------+-------------------+-----
Dodging        | 1 2 3 4 |  4.0
Polearms       | 4 5 |  5.5
Fighting       | 4 |  4.8
Shields        | 4 |  4.3
Armour         | |  2.1

Action                   |  1- 3 |  4- 6 || total
-------------------------+-------+-------++-------
Melee: Trident           |    97 |   112 ||   209
  Use: Potion            |       |     3 ||     3
 Stab: Sleeping          |     3 |       ||     3
  Eat: Chunk             |     1 |     3 ||     4
Armor: Leather armour    |    18 |    13 ||    31
       Scale mail        |     3 |       ||     3
Dodge: Dodged            |    18 |    30 ||    48
Block: Shield            |    40 |    55 ||    95
